 Dungeon Crawl Stone Soup version 0.31-a0-233-g139696dc86 (webtiles) character file.

Game seed: 7861470916919274731

327 garrulousMonolith the Firebug (level 6, -1/39 (44) HPs)
             Began as a Gnoll Fire Elementalist on July 10, 2023.
             Was an Initiate of Ashenzari.
             Slain by Duvessa
             ... wielding a +2 short sword of draining
              (5 damage)
             ... on level 5 of the Dungeon.
             The game lasted 00:05:39 (4442 turns).

garrulousMonolith the Firebug (GnFE)                Turns: 4442, Time: 00:05:40

HP:   -1/39 (44)    AC:  3    Str:  8    XL:     6   Next: 50%
MP:   5/14          EV: 13    Int: 16    God:    Ashenzari [......]
Gold: 206           SH:  0    Dex: 12    Spells: 9/15 levels left

rFire   + . .        s - staff of fire
rCold   . . .        (no shield)
rNeg    . . .        a - +0 robe
rPois   .            (no helmet)
rElec   .            (no cloak)
rCorr   .            (no gloves)
SInv    .            m - +0 pair of boots
Will    .....        (no amulet)
Stlth   +++          (no ring)
HPRegen 0.26/turn    (no ring)
MPRegen 0.14/turn

%: no passive effects
@: very slightly contaminated, heavily drained
A: fangs 1, strong nose, distributed training
a: Renounce Religion


You were on level 5 of the Dungeon.
You worshipped Ashenzari.
Ashenzari was noncommittal.
You visited 2 branches of the dungeon, and saw 6 of its levels.

You collected 206 gold pieces.

Inventory:

Hand Weapons
 r - a +0 dagger
Missiles
 q - 8 poisoned darts
Armour
 a - a +0 robe (worn)
 c - a +0 kite shield
 m - a +0 pair of boots (worn)
Magical Staves
 s - a staff of fire (weapon)
Scrolls
 d - 2 scrolls of enchant weapon {unknown}
 e - a scroll of fog {unknown}
 g - 2 scrolls of fear {unknown}
 i - a scroll of teleportation {unknown}
 j - a scroll of enchant armour {unknown}
 o - a scroll of blinking {unknown}
 u - a scroll of amnesia {unknown}
Potions
 b - a potion of magic
 k - a potion of invisibility
 l - a potion of mutation
 n - 2 potions of brilliance
 p - 2 potions of curing
 t - a potion of degeneration {unknown}
 v - a potion of attraction {unknown}


   Skills:
 + Level 2.1 Fighting
 + Level 2.1 Short Blades
 + Level 2.1 Long Blades
 + Level 2.1 Axes
 + Level 2.1 Maces & Flails
 + Level 2.1 Polearms
 + Level 2.1 Staves
 + Level 2.1 Ranged Weapons
 + Level 2.1 Throwing
 + Level 2.1 Armour
 + Level 5.0 Dodging
 + Level 4.6 Stealth
 + Level 2.1 Shields
 + Level 2.1 Unarmed Combat
 + Level 5.4 Spellcasting
 + Level 2.7 Conjurations
 + Level 1.6 Hexes
 + Level 1.6 Summonings
 + Level 1.6 Necromancy
 + Level 1.6 Translocations
 + Level 1.6 Transmutations
 + Level 5.7 Fire Magic
 + Level 1.6 Ice Magic
 + Level 1.6 Air Magic
 + Level 1.6 Earth Magic
 + Level 1.6 Poison Magic
 + Level 2.3 Invocations
 + Level 2.1 Evocations


You had 9 spell levels left.
You knew the following spells:

 Your Spells              Type           Power      Damage    Failure   Level
a - Foxfire               Conj/Fire      100%       2x1d9     2%          1
b - Scorch                Fire           68%        2d8       1%          2
c - Volatile Blastmotes   Fire/Tloc      48%        2d14      10%         3

Your spell library contained the following spells:

 Spells                   Type           Power      Damage    Failure   Level
 Summon Small Mammal      Summ           36%        N/A       8%          1
 Inner Flame              Hex/Fire       24%        N/A       10%         3
 Call Canine Familiar     Summ           9%         N/A       22%         3
 Gell's Gravitas          Tloc           9%         N/A       22%         3
 Summon Guardian Golem    Hex/Summ       9%         N/A       22%         3
 Teleport Other           Tloc           9%         N/A       22%         3
 Flame Wave               Conj/Fire      26%        2d8       26%         4
 Animate Armour           Summ/Erth      18%        N/A       58%         4
 Summon Lightning Spire   Summ/Air       9%         N/A       58%         4
 Blade Hands              Tmut           4%         N/A       90%         5
 Dispersal                Tloc           4%         N/A       100%        6


Dungeon Overview and Level Annotations

Branches:
Dungeon (5/15)             Temple (1/1) D:4

Altars:
Ashenzari
Cheibriados
Dithmenos
Elyvilon
Fedhas
Gozag
Kikubaaqudgha
Okawaru
Qazlal
Ru
Sif Muna
Trog
Uskayaw
Wu Jian
Yredelemnul
Zin
The Shining One

Annotations:
D:3 2 transporters
D:5 Duvessa


Innate Abilities, Weirdness & Mutations

You have very sharp teeth.
Your uncanny sense of smell can sniff out nearby items.
Your experience applies equally to all skills.


Message History

Dowan is no longer more vulnerable to fire.
The foxfire hits Dowan.
Dowan is almost dead.
Dowan points at you and mumbles some strange words.
The puff of frost hits you! Duvessa attacks as you move away!
Duvessa barely misses you. Dowan attacks as you move away!
Dowan hits you with a +0 dagger.
Dowan casts a spell at Duvessa.
Duvessa seems to speed up.
Casting: Foxfire (safe; 2% risk of failure)
Confirm with . or Enter, or press ? or * to list all spells.
You feel a surge of power!
You miscast Volatile Blastmotes.
You are very lightly contaminated with residual magic.
Nothing appears to happen.
Duvessa hits you with a +2 short sword of draining.
You feel drained. Duvessa attacks as you move away! Duvessa barely misses you.
Duvessa hits you with a +2 short sword of draining.
You feel drained.
Casting: Volatile Blastmotes (dangerous; 10% risk of failure)
Confirm with . or Enter, or press ? or * to list all spells.
You feel a surge of power!
A cloud of volatile blastmotes flares up around you!
Duvessa hits you with a +2 short sword of draining.
You feel drained.
The cloud of blastmotes explodes!
The concussive blast engulfs Dowan!
You kill Dowan!
Duvessa weeps, and shakes her weapon.
Duvessa goes berserk!
The concussive blast engulfs Duvessa!!
Duvessa is heavily wounded.
The concussive blast engulfs you! You resist.
* * * LOW HITPOINT WARNING * * *
Duvessa hits you with a +2 short sword of draining!
* * * LOW HITPOINT WARNING * * *
You feel drained.
You feel much better.
Duvessa hits you with a +2 short sword of draining!
* * * LOW HITPOINT WARNING * * *
You feel drained.
You die...

#......#......#...#..
+......'......#...#..
#......##...#######..
##......#...###..#... .....
#......#........+... .....
#......'........#...
.....##
#......######..##...
#.....####'##....###..#....
+.....#..e@.#....#....#....
#.....#..)..#....#....#....
#.....#.....#....#....#....
#.....'...>.#....#....#....
#.....#######....######....
###### ###### #####


You could see Duvessa (berserk, fast).

Vanquished Creatures
  An ogre (D:2)
  Dowan (D:5)
  2 hounds (D:4)
  An orc wizard (D:4)
  3 adders
  A worm (D:3)
  2 dart slugs
  2 orcs (D:4)
  4 bats
  4 endoplasms
  6 giant cockroaches
  3 goblins
  12 hobgoblins
  7 quokkas
  10 ball pythons
  4 frilled lizards
  10 kobolds
  3 rats
76 creatures vanquished.

Vanquished Creatures (others)
  245 foxfires
245 creatures vanquished.

Grand Total: 321 creatures vanquished

Notes
Turn   | Place    | Note
-------+----------+-------------------------------------------
     0 | D:1      | garrulousMonolith the Gnoll Fire Elementalist began the
                  | quest for the Orb.
     0 | D:1      | Reached XP level 1. HP: 13/13 MP: 6/6
    77 | D:1      | Reached XP level 2. HP: 19/19 MP: 0/7
   168 | D:1      | Learned a level 2 spell: Scorch
   693 | D:1      | Reached skill level 5 in Spellcasting
   693 | D:1      | Reached XP level 3. HP: 25/25 MP: 6/9
   697 | D:1      | Learned a level 3 spell: Volatile Blastmotes
  1049 | D:1      | Reached skill level 1 in Invocations
  1271 | D:2      | Reached skill level 1 in Fighting
  1271 | D:2      | Reached skill level 1 in Short Blades
  1271 | D:2      | Reached skill level 1 in Long Blades
  1271 | D:2      | Reached skill level 1 in Axes
  1271 | D:2      | Reached skill level 1 in Maces & Flails
  1271 | D:2      | Reached skill level 1 in Polearms
  1271 | D:2      | Reached skill level 1 in Staves
  1271 | D:2      | Reached skill level 1 in Ranged Weapons
  1271 | D:2      | Reached skill level 1 in Throwing
  1271 | D:2      | Reached skill level 1 in Armour
  1271 | D:2      | Reached skill level 1 in Shields
  1271 | D:2      | Reached skill level 1 in Unarmed Combat
  1271 | D:2      | Reached skill level 1 in Evocations
  1807 | D:2      | Noticed an ogre
  1844 | D:2      | Reached XP level 4. HP: 31/32 MP: 7/11
  1847 | D:2      | Killed an ogre
  1848 | D:2      | Reached skill level 1 in Hexes
  1848 | D:2      | Reached skill level 1 in Summonings
  1848 | D:2      | Reached skill level 1 in Necromancy
  1848 | D:2      | Reached skill level 1 in Translocations
  1848 | D:2      | Reached skill level 1 in Transmutations
  1848 | D:2      | Reached skill level 1 in Ice Magic
  1848 | D:2      | Reached skill level 1 in Air Magic
  1848 | D:2      | Reached skill level 1 in Earth Magic
  1848 | D:2      | Reached skill level 1 in Poison Magic
  1848 | D:2      | Reached XP level 5. HP: 37/37 MP: 4/12
  2428 | D:3      | Found a snail-covered altar of Cheibriados.
  2602 | D:3      | Found a transporter.
  2681 | D:3      | Found a transporter.
  2814 | D:3      | Found a sacrificial altar of Ru.
  3213 | D:4      | Found a shadowy altar of Dithmenos.
  3215 | D:4      | Found a stormy altar of Qazlal.
  3233 | D:4      | Found an opulent altar of Gozag.
  3370 | D:4      | Reached XP level 6. HP: 41/44 MP: 9/13
  3409 | D:4      | Found a shimmering blue altar of Sif Muna.
  3722 | D:4      | Found a staircase to the Ecumenical Temple.
  3736 | Temple   | Entered the Ecumenical Temple
  3746 | Temple   | Became a worshipper of Ashenzari the Shackled
  4034 | D:4      | Reached skill level 5 in Dodging
  4336 | D:5      | Entered Level 5 of the Dungeon
  4428 | D:5      | Noticed Dowan
  4429 | D:5      | Noticed Duvessa
  4441 | D:5      | Killed Dowan
  4441 | D:5      | HP: 2/41 [Duvessa/+2 short sword of draining (9)]
  4442 | D:5      | Slain by Duvessa

Illustrated notes

Levels and vault maps discovered:
D:1:      psy_arrival_conway, layout_basic
D:2:      layout_basic
D:3:      gammafunk_wand_slinger, layout_rooms, nicolae_ru_sacrificial_ziggurat,
          slow_altar_1
D:4:      layout_loops_corners, grunt_temple_overflow_open, lemuel_doored_altar,
          minmay_temple_entry_ruins
D:5:      layout_gridville, grunt_ministairs_5, uniq_duvessa, uniq_sigmund
Temple:   nicolae_temple_two_arcs

Skill      XL: |  1  2  3  4  5  6 |
---------------+-------------------+-----
Conjurations   | 2 |  2.7
Spellcasting   | 5 |  5.4
Invocations    | 1 2 |  2.3
Fighting       | 1 2 |  2.1
Short Blades   | 1 2 |  2.1
Long Blades    | 1 2 |  2.1
Axes           | 1 2 |  2.1
Maces & Flails | 1 2 |  2.1
Polearms       | 1 2 |  2.1
Staves         | 1 2 |  2.1
Ranged Weapons | 1 2 |  2.1
Throwing       | 1 2 |  2.1
Armour         | 1 2 |  2.1
Shields        | 1 2 |  2.1
Unarmed Combat | 1 2 |  2.1
Evocations     | 1 2 |  2.1
Hexes          | 1 |  1.6
Summonings     | 1 |  1.6
Necromancy     | 1 |  1.6
Translocations | 1 |  1.6
Transmutations | 1 |  1.6
Ice Magic      | 1 |  1.6
Air Magic      | 1 |  1.6
Earth Magic    | 1 |  1.6
Poison Magic   | 1 |  1.6
Dodging        | 5 |  5.0
Stealth        | |  4.6
Fire Magic     | |  5.7

Action                     |  1- 3 |  4- 6 || total
---------------------------+-------+-------++-------
  Melee: Unarmed           |       |     6 ||     6
   Cast: Foxfire           |    70 |    76 ||   146
         Scorch            |     4 |     8 ||    12
         Volatile Blastmot |       |     2 ||     2
    Use: Potion            |       |     2 ||     2
         Scroll            |       |     4 ||     4
 Armour: Robe              |     6 |     4 ||    10
  Dodge: Dodged            |    53 |    36 ||    89

Table legend: (Time is in decaauts)
 A = Elapsed time spent in this place.
 B = Non-inter-level travel time spent in this place.
 C = Inter-level travel time spent in this place.
 D = Time resting spent in this place.
 E = Time spent auto-exploring this place.
 F = Levels seen in this place.
 G = Mean time per level.
                   A        B        C        D        E       F      G
               +--------+--------+--------+--------+--------+-----+--------+
         Total |   4444 |   4317 |    127 |    134 |   3526 |   6 |  740.7 |
       Dungeon |   4425 |   4298 |    127 |    134 |   3526 |   5 |  885.0 |
        Temple |     18 |     18 |      0 |      0 |      0 |   1 |   18.0 |
               +--------+--------+--------+--------+--------+-----+--------+

Top non-repeatable levels by time:
     D:4: 1305 daAuts
     D:2: 1216 daAuts
     D:1: 1215 daAuts
     D:3: 581 daAuts
     D:5: 105 daAuts
  Temple: 18 daAuts
